 Dungeon Crawl Stone Soup version 0.30.0-10-gfe55d96785 (webtiles) character file.

Game seed: 3339175321025143549

828 sasquatch the Chopper (level 7, -15/78 HPs)
             Began as an Ogre Berserker on May 14, 2023.
             Was a Priest of Trog.
             Demolished by an orc warrior
             ... wielding a +0 scimitar
              (18 damage)
             ... on level 5 of the Dungeon.
             The game lasted 00:06:17 (4779 turns).

sasquatch the Chopper (Ogre Berserker)              Turns: 4779, Time: 00:06:17

Health: -15/78     AC:  4    Str: 24    XL:     7   Next: 97%
Magic:  7/7        EV: 10    Int:  8    God:    Trog [***...]
Gold:   216        SH:  0    Dex:  8    Spells: 6/6 levels left

rFire   . . .        b - +2 dagger (venom)
rCold   . . .        (no shield)
rNeg    . . .        w - +0 animal skin
rPois   +            (helmet restricted)
rElec   .            A - +0 cloak
rCorr   .            (gloves unavailable)
SInv    .            (boots unavailable)
Will    +....        e - amulet of the acrobat
Stlth   +            C - ring of poison resistance
HPRegen 0.33/turn    D - ring of willpower
MPRegen 0.10/turn

%: acrobat
@: mighty, on berserk cooldown, slowed, very slow
A: large, unfitting armour, tough skin 1
a: Renounce Religion, Berserk, Trog's Hand


You were on level 5 of the Dungeon.
You worshipped Trog.
Trog was most pleased with you.
You visited 1 branch of the dungeon, and saw 6 of its levels.

You collected 216 gold pieces.

Inventory:

Hand Weapons
 a - a +0 war axe
 b - a +2 dagger of venom (weapon)
Missiles
 t - 2 boomerangs (quivered)
 y - 6 javelins
Armour
 p - a +0 tower shield
 w - a +0 animal skin (worn)
 z - a +0 kite shield
 A - a +0 cloak (worn)
Jewellery
 c - a ring of protection from fire
 e - an amulet of the acrobat (around neck)
 C - a ring of poison resistance (left hand)
 D - a ring of willpower (right hand)
Wands
 v - a wand of mindburst (3)
Scrolls
 g - 4 scrolls of teleportation {unknown}
 h - a scroll of blinking {unknown}
 i - 2 scrolls of immolation {unknown}
 j - 3 scrolls of magic mapping {unknown}
 m - a scroll of enchant weapon {unknown}
 o - a scroll of fear {unknown}
 u - 3 scrolls of identify {unknown}
 x - 2 scrolls of fog {unknown}
 B - a scroll of enchant armour {unknown}
 E - a scroll of poison {unknown}
Potions
 d - a potion of resistance {unknown}
 f - a potion of cancellation {unknown}
 k - 2 potions of might
 l - a potion of heal wounds {unknown}
 n - 2 potions of haste {unknown}
 q - 2 potions of curing {unknown}
 r - a potion of lignification {unknown}
 s - 2 potions of ambrosia {unknown}


   Skills:
 + Level 7.6 Fighting
 * Level 7.7 Axes
 - Level 2.6 Dodging


You had 6 spell levels left.
You didn't know any spells.
Your spell library was empty.

Dungeon Overview and Level Annotations

Branches:
Dungeon (6/15)             Temple (0/1) D:5

Altars:
Ashenzari
Nemelex Xobeh

Shops:
D:4 (   D:5 :


Innate Abilities, Weirdness & Mutations

You are too large for most types of armour.
You have tough skin. (AC +1)


Message History

You closely miss the orc priest. The orc priest completely misses you.
Something hits you!
You hit the orc priest but do no damage.
The orc priest is poisoned.
The orc priest misses you. Something hits you!!
You are too injured to fight recklessly!
You are too injured to fight recklessly!
A red film seems to cover your vision as you go berserk!
You feel yourself moving faster!
You feel mighty!
The orc priest hits you with a +0 dagger.
Something hits you!
* * * LOW HITPOINT WARNING * * *
You puncture the orc priest!
The orc priest looks as sick as possible!
The orc priest is severely wounded.
You feel the power of Trog in you as your rage grows.
You kill the orc priest!
Trog accepts your kill.
Items here: $ ) [ †.
You start resting.
You feel a strong urge to attack something.
Something barely misses you.
You start resting.
Something closely misses you.
You start resting.
You feel your anger nearly subside.
You start resting.
You are no longer berserk.
You are exhausted.
You feel yourself slow down. Something barely misses you.
You start resting.
Something barely misses you.
You start resting.
Something hits you!
* * * LOW HITPOINT WARNING * * *
Something closely misses you.
You start resting.
Something hits you.
* * * LOW HITPOINT WARNING * * *
It was a potion of might.
You feel very mighty all of a sudden. Something hits you.
* * * LOW HITPOINT WARNING * * *
Something hits you!!
You die...

#### ### ###..##
#.###.{...# ##
##..#..@...# .#
###...#......# .#
#.....#....### .#
##).......## ##
##........## #
##........##
###........# ###
##..........## #
#.###............#


There were no monsters in sight!

Vanquished Creatures
  Pargi (D:4)
  2 black bears (D:5)
  A phantom (D:5)
  A howler monkey (D:5)
  2 orc priests
  4 hounds
  3 iguanas (D:5)
  An orc wizard (D:4)
  4 adders
  A white imp (D:6)
  A worm (D:3)
  3 dart slugs
  12 orcs
  8 ball pythons
  2 endoplasms (D:2)
  7 giant cockroaches
  16 goblins
  10 hobgoblins
  5 jackals
  7 kobolds
  2 quokkas (D:5)
  4 bats (D:1)
  2 frilled lizards
  5 rats
104 creatures vanquished.

Notes
Turn   | Place    | Note
-------+----------+-------------------------------------------
     0 | D:1      | sasquatch the Ogre Berserker began the quest for the Orb.
     0 | D:1      | Reached XP level 1. HP: 24/24 MP: 1/1
   178 | D:1      | Reached XP level 2. HP: 32/32 MP: 2/2
   217 | D:1      | Found a faded altar of an unknown god.
   857 | D:2      | Reached XP level 3. HP: 18/40 MP: 3/3
  1026 | D:2      | Reached ** piety under Trog
  1272 | D:2      | Found a sparkling altar of Nemelex Xobeh.
  1713 | D:3      | Reached XP level 4. HP: 28/49 MP: 4/4
  2055 | D:3      | Reached skill level 5 in Fighting
  2372 | D:4      | Reached *** piety under Trog
  2607 | D:4      | Reached skill level 5 in Axes
  2607 | D:4      | Reached XP level 5. HP: 47/57 MP: 5/5
  3014 | D:4      | Reached XP level 6. HP: 51/67 MP: 6/6
  3095 | D:4      | Found Xemig's Antique Weapon Boutique.
  3107 | D:4      | Noticed Pargi
  3118 | D:4      | Killed Pargi
  3414 | D:5      | Entered Level 5 of the Dungeon
  3649 | D:5      | Found a staircase to the Ecumenical Temple.
  3663 | D:5      | Reached XP level 7. HP: 69/76 MP: 7/7
  4306 | D:5      | Found Qoveesec's Book Emporium.
  4395 | D:5      | Found a broken altar of Ashenzari.
  4779 | D:5      | HP: 3/78 [something (2)]
  4779 | D:5      | Demolished by an orc warrior

Illustrated notes

Levels and vault maps discovered:
D:1:      wander_arrival_abandoned_jail, layout_basic,
          dreamdust_ecumenical_altar_angels_and_demons
D:2:      layout_loops_ring, basic_altar, grunt_decor_mini_mirrors,
          kennysheep_nondescript
D:3:      minmay_diamond_boxcup, layout_loops_cross
D:4:      cheibrodos_greedy_goblins, layout_loops_ring, serial_shops,
          nicolae_shop_rolling_square, uniq_pargi
D:5:      layout_cave_pools, lemuel_coloured_pillars_altar,
          minmay_temple_entry_arrows, serial_shops, nicolae_book_shop_shelving
D:6:      layout_cave_pools, serial_park, serial_park_central
          [serial_park_minivault_5x5_3, serial_park_minivault_5x5_6],
          serial_park_square3 [serial_park_minivault_5x5_2], serial_park_tiny_1,
          serial_park_tiny_2, uniq_pikel

Skill      XL: |  1  2  3  4  5  6  7 |
---------------+----------------------+-----
Axes           | 4 5 6 7 |  7.7
Fighting       | 5 6 7 |  7.6
Dodging        | |  2.6

Action                     |  1- 3 |  4- 6 |  7- 9 || total
---------------------------+-------+-------+-------++-------
  Melee: Hand axe          |   128 |    87 |       ||   215
         Punch             |     1 |       |       ||     1
         Dagger            |       |    81 |    43 ||   124
         War axe           |       |     9 |    27 ||    36
  Throw: Javelin           |       |       |     1 ||     1
         Boomerang         |       |       |     1 ||     1
 Invoke: Berserk           |       |     2 |     2 ||     4
    Use: Potion            |       |       |     1 ||     1
   Stab: Sleeping          |       |     1 |       ||     1
 Armour: Animal skin       |    34 |    43 |    17 ||    94
  Dodge: Dodged            |    91 |   100 |    53 ||   244
